 Dungeon Crawl Stone Soup version 0.30-a0-121-gb27577e5d9 (webtiles) character file.

Game seed: 5838354997173224563

2 tilp the Grave Robber (level 1, -1/13 HPs)
             Began as a Mummy Necromancer on Sept 14, 2022.
             Slain by a hobgoblin (5 damage)
             ... on level 1 of the Dungeon.
             The game lasted 00:00:43 (41 turns).

tilp the Grave Robber (Mummy Necromancer)             Turns: 41, Time: 00:00:44

Health: -1/13      AC:  2    Str: 11    XL:     1   Next: 33%
Magic:  1/4        EV: 12    Int: 14    God:
Gold:   0          SH:  0    Dex: 12    Spells: 4/5 levels left

rFire   x . .      SeeInvis .    (no weapon)
rCold   + . .      Faith    +    (no shield)
rNeg    + + +      Spirit   .    a - +0 robe
rPois   ∞          Reflect  .    (no helmet)
rElec   .          Harm     .    (no cloak)
rCorr   .          Rampage  .    (no gloves)
Will    .....                    (no boots)
Stlth   ++........               (no amulet)
HPRegen 0.04/turn                (no ring)
MPRegen 0.09/turn                (no ring)

@: no status effects
A: cold resistance 1, negative energy resistance 3, torment resistance 2, heat
vulnerability 1, no potions, faith
a: no special abilities


You were on level 1 of the Dungeon.
You visited 1 branch of the dungeon, and saw 1 of its levels.

Inventory:

Armour
 a - a +0 robe (worn)


   Skills:
 * Level 0.1 Fighting
 + Level 1.6 Dodging
 + Level 1.6 Stealth
 + Level 2.7 Spellcasting
 * Level 4.0 Necromancy


You had 4 spell levels left.
You knew the following spells:

 Your Spells              Type           Power      Damage    Failure   Level
a - Necrotise             Necr           52%        1d6       4%          1

Your spell library contained the following spells:

 Spells                   Type           Power      Damage    Failure   Level
 Vampiric Draining        Necr           13%        2d6       13%         3
 Animate Dead             Necr           13%        N/A       38%         4
 Agony                    Necr           13%        N/A       75%         5


Dungeon Overview and Level Annotations

Branches:
Dungeon (1/15)

Altars:


Innate Abilities, Weirdness & Mutations

You are immune to poison.
Your flesh is cold resistant. (rC+)
You are immune to negative energy. (rN+++)
You are immune to unholy pain and torment.
You are vulnerable to heat. (rF-)
You do not drink.
You have a special connection with the divine. (Faith)


Message History

Unknown command.
A nearby plant withers and dies.
Your frilled lizard skeleton bites the hobgoblin but does no damage.
Unknown command.
You hit the hobgoblin but do no damage.
Your frilled lizard skeleton bites the hobgoblin.
The hobgoblin misses you.
You barely miss the hobgoblin.
The hobgoblin is heavily wounded.
Your frilled lizard skeleton barely misses the hobgoblin.
The hobgoblin barely misses you.
You barely miss the hobgoblin.
The hobgoblin is heavily wounded.
Your frilled lizard skeleton bites the hobgoblin but does no damage.
Your frilled lizard skeleton closely misses the hobgoblin.
The hobgoblin hits you.
* * * LOW HITPOINT WARNING * * *
You closely miss the hobgoblin.
The hobgoblin is moderately wounded.
Your frilled lizard skeleton barely misses the hobgoblin.
The hobgoblin closely misses you.
Your frilled lizard skeleton bites the hobgoblin but does no damage.
Unknown command.
You hit the hobgoblin.
The hobgoblin is heavily wounded.
Your frilled lizard skeleton closely misses the hobgoblin.
The hobgoblin barely misses you.
You hit the hobgoblin but do no damage.
The hobgoblin is heavily wounded.
The bat hits the plant.
The plant begins to die.
The bat hits the plant.
Your frilled lizard skeleton bites the hobgoblin but does no damage.
The bat hits the plant.
The hobgoblin hits you.
* * * LOW HITPOINT WARNING * * *
Your frilled lizard skeleton bites the hobgoblin but does no damage.
You barely miss the hobgoblin.
The hobgoblin is heavily wounded.
The bat hits the plant. x2
Your frilled lizard skeleton bites the hobgoblin.
The bat hits the plant.
The plant begins to die.
The hobgoblin hits you.
You die... ....PP.PP.....PPPPP...... ##PPP.bPPPPP..PPP......

#####.PP.PPP...PPP.PP......
......PP.PP.PPP.PP.PP###.##
###..P.PP.PP.PP....P#.....
#.#P.P.PP.P.PP.P.P...... #
#P....


.PPPPPPPPPPPPPPP...... PPPPPPPPPPPP.... ............... You could see a
hobgoblin (ally target), a bat and 2 friendly frilled lizard skeletons.

Vanquished Creatures
  2 frilled lizards (D:1)
2 creatures vanquished.

Vanquished Creatures (collateral kills)
  A ball python (D:1)
1 creature vanquished.

Vanquished Creatures (others)
  15 plants (D:1)
15 creatures vanquished.

Grand Total: 18 creatures vanquished

Notes
Turn   | Place    | Note
-------+----------+-------------------------------------------
     0 | D:1      | tilp the Mummy Necromancer began the quest for the Orb.
     0 | D:1      | Reached XP level 1. HP: 13/13 MP: 4/4
    41 | D:1      | Slain by a hobgoblin

Illustrated notes

Levels and vault maps discovered:
D:1:      roderic_crop_circles_arrival_small, layout_rooms, minmay_door_square,
          minmay_misc_feat_pillars

Action                   || total
-------------------------++-------
Melee: Unarmed           ||    13
 Cast: Necrotise         ||     5
Armor: Robe              ||     2
Dodge: Dodged            ||     6

Table legend: (Time is in decaauts)
 A = Elapsed time spent in this place.
 B = Non-inter-level travel time spent in this place.
 C = Inter-level travel time spent in this place.
 D = Time resting spent in this place.
 E = Time spent auto-exploring this place.
 F = Levels seen in this place.
 G = Mean time per level.
                   A        B        C        D        E       F      G
               +--------+--------+--------+--------+--------+-----+--------+
         Total |     41 |     41 |      0 |      0 |      9 |   1 |   41.0 |
       Dungeon |     41 |     41 |      0 |      0 |      9 |   1 |   41.0 |
               +--------+--------+--------+--------+--------+-----+--------+

Top non-repeatable levels by time:
     D:1: 41 daAuts
